 Dungeon Crawl Stone Soup version 0.24-a0-375-g4de66ed42b (webtiles) character file.

Game seed: 458479218724720300

3969 theanonym the Carver (level 10, -2/67 HPs)
             Began as a Mummy Warper on May 31, 2019.
             Was a Follower of Okawaru.
             Hit by a boomerang thrown by an orc warrior (9 damage)
             ... on level 9 of the Dungeon.
             The game lasted 00:25:17 (14562 turns).

theanonym the Carver (Mummy Warper)                Turns: 14562, Time: 00:25:18

Health: -2/67      AC: 11    Str: 18    XL:     10   Next: 2%
Magic:  14/14      EV:  3    Int: 13    God:    Okawaru [*.....]
Gold:   273        SH:  9    Dex: 11    Spells: 14/14 levels left

rFire    x . .     SeeInvis .   a - +1 long sword (slice) (curse)
rCold    + . .     Gourm    .   f - +0 shield
rNeg     + + +     Faith    .   k - +0 plate armour
rPois    ∞         Spirit   .   (no helmet)
rElec    .         Reflect  .   (no cloak)
rCorr    .         Harm     .   h - +0 pair of gloves
MR       +....                  (no boots)
Stlth    ..........             (no amulet)
HPRegen  0.21/turn              (no ring)
MPRegen  0.14/turn              (no ring)

@: no status effects
A: no food or potions, fire vulnerability, cold resistance 1, negative energy
resistance 3, torment resistance, unbreathing
a: Heroism, Renounce Religion


Innate Abilities, Weirdness & Mutations

You do not eat or drink.
Your flesh is vulnerable to fire.
You are immune to poison.
Your flesh is cold resistant. (rC+)
You are immune to negative energy. (rN+++)
You are immune to unholy pain and torment.
You can survive without breathing.


   Skills:
 - Level 2.0 Fighting
 * Level 10.9 Long Blades
 - Level 0.7 Throwing
 - Level 0.7 Armour
 - Level 1.5 Dodging
 - Level 4.0 Shields
 - Level 2.6 Spellcasting
   Level 2.4 Translocations
 + Level 3.3 Invocations


You had 14 spell levels left.
You didn't know any spells.
Your spell library contained the following spells:

 Spells                   Type           Power        Failure   Level  Hunger
 Magic Dart               Conj           #...         100%        1    N/A
 Blink                    Tloc           N/A          100%        2    N/A
 Searing Ray              Conj           #.....       100%        2    N/A
 Shroud of Golubria       Chrm/Tloc      #.........   100%        2    N/A
 Dazzling Spray           Conj/Hex       #.....       100%        3    N/A
 Gell's Gravitas          Tloc           #.........   100%        3    N/A
 Lesser Beckoning         Tloc           #.........   100%        3    N/A
 Teleport Other           Tloc           #.......     100%        3    N/A
 Force Lance              Conj/Tloc      #.......     100%        4    N/A
 Fulminant Prism          Conj/Hex       #.........   100%        4    N/A
 Iskenderun's Mystic Bla  Conj           #.......     100%        4    N/A
 Passage of Golubria      Tloc           N/A          100%        4    N/A

Skill      XL: |  1  2  3  4  5  6  7  8  9 |
---------------+----------------------------+-----
Long Blades    | 2 3 4 5 7 9 10 | 10.9
Shields        | 1 2 3 4 |  4.0
Invocations    | 3 |  3.3
Fighting       | |  2.0
Throwing       | |  0.7
Armour         | |  0.7
Dodging        | |  1.5
Spellcasting   | |  2.6
Translocations | |  2.4

Action                   |  1- 3 |  4- 6 |  7- 9 | 10-12 || total
-------------------------+-------+-------+-------+-------++-------
Melee: Falchion          |   180 |   231 |   372 |       ||   783
       Long sword        |       |       |   393 |    24 ||   417
Throw: Boomerang         |       |     5 |    10 |       ||    15
       Dart              |       |    14 |    23 |     1 ||    38
       Throwing net      |       |       |     1 |       ||     1
Invok: Heroism           |       |       |     1 |       ||     1
Evoke: Wand              |       |       |     8 |     1 ||     9
  Use: Scroll            |       |     6 |    10 |       ||    16
Armor: Leather armour    |    32 |       |       |       ||    32
       Chain mail        |    64 |   134 |   292 |       ||   490
       Plate armour      |       |       |    26 |    24 ||    50
Dodge: Dodged            |    98 |    43 |   194 |     5 ||   340
Block: Buckler           |    16 |    34 |    92 |       ||   142
       Shield            |       |       |    76 |    17 ||    93
       Rpst.: Falchion   |    34 |    14 |    35 |       ||    83
       Long sword        |       |       |    26 |     3 ||    29

Inventory:

Hand Weapons
 a - a cursed +1 long sword of slicing (weapon)
Missiles
 b - 29 poisoned darts (quivered)
 c - 9 boomerangs
 d - a throwing net
 e - 7 atropa-tipped darts
Armour
 f - a +0 shield (worn)
 h - a +0 pair of gloves (worn)
 k - a +0 plate armour (worn)
Wands
 v - a wand of acid (1)
Scrolls
 g - 2 scrolls of enchant weapon
 j - 2 scrolls of immolation
 r - 3 scrolls of identify
 t - 2 scrolls of teleportation


You were on level 9 of the Dungeon.
You worshipped Okawaru.
Okawaru was aware of your devotion.
You were not hungry.

You visited 2 branches of the dungeon, and saw 10 of its levels.

You collected 461 gold pieces.
You spent 188 gold pieces at shops.

Dungeon Overview and Level Annotations

Branches:
Dungeon (9/15)             Temple (1/1) D:7            Lair (0/6) D:8
    Orc: D:9-12

Altars:
Ashenzari
Cheibriados
Dithmenos
Elyvilon
Fedhas
Gozag
Hepliaklqana
Kikubaaqudgha
Makhleb
Nemelex Xobeh
Okawaru
Qazlal
Ru
Sif Muna
Trog
Uskayaw
Vehumet
Wu Jian
Xom
Yredelemnul
Zin
The Shining One

Shops:
D:6 (=(%%   D:7 *=[%[

Portals:
Bailey: D:9

Annotations:
D:4 exclusion: ogre

.....##(##.# # ##.##..###... .
#..# #.....'#### #. #.##
#........### #####. #>#
#.......o.## #..... ######+####
#.......#..####..... ##.........#
#...oZS.##.So.#S....
.'........†###....5..#####.......
.#........['.#..@D...# ###.....
.#.........#)'.......# #.....
########o#####.....).# #####.
##†.# ######### #... #####S.##
#.## #..D.o## #S# ##'###### #.#
#.......# ###S## #.......# #..So.


You could see a five-headed hydra, an orc warrior, a water moccasin, a crimson
imp, an orc and an adder skeleton.

Notes
Turn   | Place    | Note
-------+----------+-------------------------------------------
     0 | D:1      | theanonym the Mummy Warper began the quest for the Orb.
     0 | D:1      | Reached XP level 1. HP: 16/16 MP: 4/4
   116 | D:1      | HP: 6/16 [goblin/+0 hand axe (5)]
   117 | D:1      | Reached skill level 2 in Long Blades
   126 | D:1      | HP: 5/16 [bat (1)]
   131 | D:1      | HP: 2/16 [bat (1)]
   440 | D:1      | Reached XP level 2. HP: 22/22 MP: 5/5
   721 | D:1      | HP: 8/22 [ooze (4)]
  1036 | D:2      | HP: 8/22 [hobgoblin/+0 club (4)]
  1248 | D:2      | Reached XP level 3. HP: 27/27 MP: 7/7
  1265 | D:2      | Reached skill level 3 in Long Blades
  2505 | D:3      | Reached XP level 4. HP: 33/33 MP: 8/8
  2610 | D:3      | Noticed Terence
  2637 | D:3      | HP: 15/33 [Terence/+0 short sword (3)]
  2644 | D:3      | HP: 11/33 [Terence/+0 short sword (5)]
  2649 | D:3      | HP: 11/33 [Terence/+0 short sword (1)]
  2659 | D:3      | HP: 9/33 [Terence/+0 short sword (2)]
  2667 | D:3      | Killed Terence
  2667 | D:3      | Reached skill level 4 in Long Blades
  3079 | D:4      | Noticed an ogre
  3409 | D:5      | Entered Level 5 of the Dungeon
  3409 | D:5      | Noticed Menkaure
  3424 | D:5      | HP: 6/33 [Menkaure (13)]
  3688 | D:5      | Noticed a sky beast
  3774 | D:4      | Reached XP level 5. HP: 35/38 MP: 9/9
  3866 | D:4      | HP: 17/38 [adder (4)]
  3880 | D:3      | HP: 18/38 [adder (1)]
  4042 | D:4      | Noticed a phantom
  4063 | D:4      | HP: 19/38 [phantom (2)]
  4084 | D:4      | Killed a phantom
  4084 | D:4      | Reached skill level 1 in Shields
  4338 | D:4      | HP: 13/38 [orc priest/divine providence (15)]
  4339 | D:4      | Reached XP level 6. HP: 15/44 MP: 10/10
  4597 | D:4      | Reached skill level 5 in Long Blades
  4597 | D:4      | Reached skill level 2 in Shields
  5028 | D:4      | HP: 20/44 [ogre/+0 giant club (24)]
  5029 | D:4      | HP: 1/44 [ogre/+0 giant club (19)]
  5448 | D:4      | HP: 6/44 [ogre/+0 giant club (20)]
  5454 | D:4      | Reached XP level 7. HP: 8/50 MP: 11/11
  5832 | D:4      | Found a glowing golden altar of the Shining One.
  5962 | D:4      | Found a sparkling altar of Nemelex Xobeh.
  6059 | D:4      | HP: 25/50 [gnoll/+0 club (1)]
  6659 | D:5      | HP: 22/50 [something (6)]
  6664 | D:5      | HP: 22/50 [something (1)]
  6689 | D:4      | HP: 19/50 [sky beast (1)]
  6690 | D:4      | HP: 8/50 [sky beast (5)]
  6692 | D:4      | Reached skill level 6 in Long Blades
  7012 | D:4      | Reached skill level 3 in Shields
  7277 | D:6      | HP: 24/50 [orc/+0 flail (3)]
  7625 | D:6      | Found Cympih's Jewellery Shoppe.
  7672 | D:6      | Found Faeff's Food Emporium.
  7703 | D:6      | HP: 23/50 [phantom (5)]
  7710 | D:6      | HP: 17/50 [phantom (6)]
  7715 | D:6      | HP: 12/50 [phantom (4)]
  7722 | D:6      | HP: 12/50 [phantom (1)]
  8002 | D:6      | Found Dinelyofei's Weapon Shop.
  8266 | D:6      | HP: 25/50 [ice beast (4)]
  8272 | D:6      | HP: 17/50 [ice beast (3)]
  8279 | D:6      | HP: 10/50 [ice beast (3)]
  8279 | D:6      | HP: 4/50 [ice beast (6)]
  8349 | D:6      | Reached skill level 7 in Long Blades
  8349 | D:6      | Reached XP level 8. HP: 17/56 MP: 12/12
  8845 | D:6      | Found Oskix's Weapon Boutique.
  8852 | D:6      | Bought a cursed +0 long sword for 6 gold pieces
  8852 | D:6      | Bought 7 atropa-tipped darts for 50 gold pieces
  8866 | D:6      | Reached skill level 4 in Shields
  9102 | D:6      | Found Iroq's Food Shop.
  9497 | D:6      | HP: 27/56 [wight/+3 hand axe (3)]
  9502 | D:6      | HP: 23/56 [worker ant (1)]
  9723 | D:7      | Reached skill level 8 in Long Blades
 10232 | D:7      | HP: 28/56 [centaur/arrow (9)]
 10245 | D:6      | HP: 21/56 [centaur (1)]
 10487 | D:6      | HP: 19/56 [ogre/+0 giant club (13)]
 10504 | D:6      | HP: 7/56 [ogre/+0 giant club (15)]
 10672 | D:6      | HP: 22/56 [ogre/+0 giant club (15)]
 11089 | D:7      | Found a staircase to the Ecumenical Temple.
 11094 | D:7      | Noticed Prince Ribbit
 11098 | Temple   | Entered the Ecumenical Temple
 11341 | Temple   | theanonym: !lg . god=oka /win
 11341 | Temple   | beem: 5/44 games for theanonym (god=oka): N=5/44 (11.36%)
 11341 | Temple   | theanonym: !lg . /win god=trog mu
 11341 | Temple   | beem: 1/1174 games for theanonym: N=1/1174 (0.09%)
 11341 | Temple   | theanonym: !lg . mu god!=veh god!~sif s=god win
 11341 | Temple   | beem: 13 games for theanonym (mu god!=veh god!~Sif Muna
                  | win): 4x Gozag, 3x Okawaru, 2x Yredelemnul, Wu Jian,
                  | Lugonu, Nemelex Xobeh, Trog
 11360 | Temple   | Became a worshipper of Warmaster Okawaru
 11391 | D:7      | HP: 24/56 [Prince Ribbit (9)]
 11392 | D:7      | Killed Prince Ribbit
 11392 | D:7      | Reached skill level 9 in Long Blades
 11392 | D:7      | Reached XP level 9. HP: 26/61 MP: 13/13
 11791 | D:7      | Found Koicvy's Jewellery Boutique.
 11808 | D:7      | Found Budghode's Armour Shoppe.
 11820 | D:7      | Found Dakalul's Food Emporium.
 11845 | D:7      | Found Jeochos's Antique Armour Shop.
 11865 | D:7      | Bought a shield for 103 gold pieces
 11993 | D:7      | Found Rouzos's Assorted Antiques.
 12114 | D:7      | Bought a scroll labeled OCIREO MUFRUZ for 29 gold pieces
 12259 | D:5      | Killed Menkaure
 12683 | D:8      | Found a staircase to the Lair.
 12725 | D:8      | HP: 29/61 [centaur/arrow (6)]
 12730 | D:8      | HP: 23/61 [orc wizard/magic dart (5)]
 12736 | D:8      | Reached * piety under Okawaru
 12736 | D:8      | Reached skill level 10 in Long Blades
 12941 | D:8      | HP: 27/61 [orc/+0 flail (4)]
 12948 | D:7      | HP: 19/61 [orc/+2 short sword of draining (4)]
 13389 | D:8      | Reached skill level 1 in Invocations
 13601 | D:8      | Noticed Harold
 13610 | D:8      | HP: 28/61 [Harold/cursed -2 battleaxe (19)]
 13614 | D:8      | Killed Harold
 13614 | D:8      | Reached skill level 2 in Invocations
 14057 | D:8      | Reached skill level 3 in Invocations
 14149 | D:9      | Noticed a five-headed hydra
 14206 | D:9      | HP: 28/61 [something (9)]
 14207 | D:9      | Reached XP level 10. HP: 30/67 MP: 11/14
 14538 | D:9      | HP: 26/67 [five-headed hydra (9)]
 14555 | D:9      | Found a flagged portal.
 14558 | D:9      | HP: 26/67 [orc warrior/boomerang (4)]
 14560 | D:9      | HP: 11/67 [five-headed hydra (12)]
 14562 | D:9      | Hit by a boomerang thrown by an orc warrior

Vanquished Creatures
  Harold (D:8)
  Prince Ribbit (D:7)
  A hippogriff (D:8)
  A vampire (D:9)
  Menkaure (D:5)
  2 ice beasts
  3 phantoms
  A sky beast (D:4)
  An orc warrior (D:8)
  A necrophage (D:5)
  3 ogres
  3 centaurs
  3 bullfrogs (D:6)
  A scorpion (D:9)
  3 wights
  A howler monkey (D:9)
  4 crimson imps
  A hound (D:7)
  A centaur skeleton (D:7)
  6 orc priests
  An iguana (D:9)
  3 bullfrog skeletons
  Terence (D:3)
  5 orc wizards
  4 worker ants
  2 hound skeletons
  A hound zombie (D:8)
  A howler monkey skeleton (D:6)
  6 adders
  3 gnolls (D:4)
  2 shadow imps
  2 oozes
  An adder skeleton (D:6)
  2 worms
  2 dart slugs
  4 leopard geckos
  20 orcs
  A ball python (D:3)
  8 bats
  4 giant cockroaches
  7 goblins
  4 hobgoblins
  9 jackals
  4 quokkas
  4 frilled lizards
  A jackal skeleton (D:4)
  4 kobolds
  A leopard gecko zombie (D:7)
  4 rats
150 creatures vanquished.

Table legend:
 A = Turns spent in this place as a percentage of turns spent in the entire game.
 B = Non-inter-level travel turns spent in this place as a percentage of non-inter-level travel turns spent in the entire game.
 C = Inter-level travel turns spent in this place as a percentage of turns spent in this place.
 D = Turns resting spent in this place as a percentage of non-inter-level travel turns spent in this place.
 E = Turns spent auto-exploring this place as a percentage of non-inter-level travel turns spent in this place.
 F = Non-inter-level travel turns spent in this place divided by the number of levels of this place that you've seen.
                   A       B       C       D       E      F
               +-------+-------+-------+-------+-------+----------------------
         Total | 100.0 | 100.0 |   3.5 |  52.9 |  28.2 | 1404.9
       Dungeon |  98.1 |  98.3 |   3.4 |  53.8 |  27.0 | 1533.8
        Temple |   1.9 |   1.7 |  10.9 |   0.0 |  95.1 | 245.0
               +-------+-------+-------+-------+-------+----------------------
